 Dungeon Crawl Stone Soup version 0.27-a0-1217-g8a41f320e8 (webtiles) character file.

Game seed: 8981918277615079826

12423 27snakeeyes612 the Cleaver (level 11, -1/97 HPs)
             Began as a Minotaur Fighter on June 6, 2021.
             Was the Champion of Okawaru.
             Slain by a starcursed mass (9 damage)
             ... on level 1 of the Abyss.
             The game lasted 00:09:01 (11833 turns).

27snakeeyes612 the Cleaver (Minotaur Fighter)      Turns: 11833, Time: 00:09:01

Health: -1/97      AC: 19    Str: 26    XL:     11   Next: 62%
Magic:  12/12      EV:  8    Int:  5    God:    Okawaru [******]
Gold:   878        SH: 13    Dex: 14    Spells: 10/10 levels left

rFire    . . .     SeeInvis +   G - +10 mace of Callousness {vamp, *Slow rCorr Str+3 Dex+3}
rCold    . . .     Faith    .   c - +1 kite shield
rNeg     . . .     Spirit   .   y - +0 plate armour
rPois    .         Reflect  .   g - +2 hat {SInv}
rElec    .         Harm     .   E - +0 cloak
rCorr    +         Rampage  .   (no gloves)
Will     .....                  h - +0 pair of boots
Stlth    ..........             (no amulet)
HPRegen  0.26/turn              (no ring)
MPRegen  0.13/turn              (no ring)

@: no status effects
A: horns 2, retaliatory headbutt
a: Renounce Religion, Heroism, Finesse


You were on level 1 of the Abyss.
You worshipped Okawaru.
Okawaru was exalted by your worship.
You visited 1 branch of the dungeon, and saw 11 of its levels.
You visited the Abyss 1 time.
You also visited: Sewer.

You collected 878 gold pieces.

Inventory:

Hand Weapons
 a - a +0 war axe
 e - the +3 broad axe of Glory {pain, rF- Str+4}
   (You acquired it on level 5 of the Dungeon)

   In the hands of one skilled in necromantic magic, it inflicts extra damage on
   living creatures.
   It affects your strength (+4).
   It makes you vulnerable to fire.
 G - the +10 mace of Callousness (weapon) {vamp, *Slow rCorr Str+3 Dex+3}
   (You found it on level 10 of the Dungeon)

   It inflicts no extra harm, but heals its wielder when it wounds a living foe.
   It affects your strength (+3).
   It affects your dexterity (+3).
   It protects you from acid and corrosion.
   It may slow you when you take damage.
Missiles
 q - a throwing net
 z - 10 curare-tipped darts
Armour
 b - a +0 scale mail
 c - a +1 kite shield (worn)
 g - a +2 hat of see invisible (worn)
 h - a +0 pair of boots (worn)
 l - a +0 chain mail
 n - a +0 hat
 y - a +0 plate armour (worn)
 E - a +0 cloak (worn)
Jewellery
 j - a ring of see invisible
 p - a +6 ring of strength
 B - a ring of fire
Wands
 d - a wand of flame (41)
 o - a wand of digging (6)
 s - a wand of charming (6)
 t - a wand of acid (6) (quivered)
 v - a wand of mindburst (9)
 C - a wand of iceblast (5)
Scrolls
 m - 4 scrolls of identify
 r - a scroll of magic mapping
 w - a scroll of teleportation
 A - a scroll of fog
 H - a scroll of immolation {unknown}
 J - a scroll of enchant armour
Potions
 f - 2 potions of curing
 i - a potion of flight
 k - a potion of berserk rage
 u - 3 potions of degeneration {unknown}
 x - 2 potions of haste {unknown}
 D - a potion of might
 F - a potion of magic {unknown}
 I - a potion of lignification {unknown}


   Skills:
 + Level 9.3 Fighting
 + Level 14.2 Axes
 + Level 10.2 Armour
 + Level 3.2 Dodging
 + Level 0.7 Stealth
 + Level 9.8 Shields
 * Level 3.5 Invocations
 + Level 0.7 Evocations


You had 10 spell levels left.
You didn't know any spells.
Your spell library contained the following spells:

 Spells                   Type           Power      Damage    Failure   Level
 Corona                   Hex            0%         N/A       100%        1
 Ensorcelled Hibernation  Hex/Ice        0%         N/A       100%        2
 Poisonous Vapours        Pois/Air       0%         N/A       100%        2
 Confusing Touch          Hex            0%         N/A       100%        3
 Conjure Flame            Conj/Fire      0%         6-21      100%        3
 Dazzling Flash           Conj/Hex       0%         N/A       100%        3
 Mephitic Cloud           Conj/Pois/Air  0%         N/A       100%        3
 Tukima's Dance           Hex            0%         N/A       100%        3
 Freezing Cloud           Conj/Ice/Air   0%         6-21      100%        6


Dungeon Overview and Level Annotations

Branches:
Dungeon (11/15)            Temple (0/1) D:7            Lair (0/6) D:9
    Orc (0/2) D:9           Sewer (visited)

Altars:
Okawaru

Shops:
D:4 ?   D:7 *

Portals:
Trove: D:11 (show slimy rune of Zot)

Annotations:
D:2 1 runed translucent door, Crazy Yiuf
D:11 Sonja


Innate Abilities, Weirdness & Mutations

You have a pair of horns on your head.
You reflexively headbutt those who attack you in melee.


Message History

You destroy the starcursed mass!
Okawaru accepts your kill.
You feel stronger.
You feel agile.
You feel a sense of dread.
G - the +10 mace of Callousness (weapon)
{vamp, *Slow rCorr Str+3 Dex+3} A starcursed mass splits.
A starcursed mass splits. x3
You hit the small abomination.
You headbutt the small abomination, but do no damage.
The small abomination is moderately damaged.
The small abomination hits you but does no damage.
The starcursed mass touches you but does no damage.
A starcursed mass splits. x2
You barely miss the small abomination.
The small abomination is moderately damaged.
The small abomination hits you!
* * * LOW HITPOINT WARNING * * *
A starcursed mass splits.
The starcursed mass touches you but does no damage.
A starcursed mass splits.
You hit the small abomination.
The small abomination is heavily damaged.
The small abomination hits you.
* * * LOW HITPOINT WARNING * * *
You block the starcursed mass's attack. The starcursed mass touches you!
* * * LOW HITPOINT WARNING * * *
Your shield and plate armour prevent you from hitting the small abomination.
Your headbutt misses the small abomination.
The small abomination is heavily damaged.
The small abomination hits you but does no damage.
The starcursed mass touches you but does no damage.
A starcursed mass splits.
The starcursed mass touches you but does no damage.
You thump the small abomination!
You destroy the small abomination!
Okawaru accepts your kill. You block the starcursed mass's attack.
The starcursed mass touches you but does no damage.
The starcursed mass touches you!
You die...

. .. .... . .... ...
#. ...#.... ...##
...###...###....#...
........ ....#..# #
.... # ... .. ..###.
# ..###...###.#.X#..
. . .....#.XX#..# ..
.. .......XXXXX# .
.... .......#@X.#...
... .........X...).#
.... .
...#....#..#... ...
##.. ###...##.# . .
#... ...#....# ....
. ......##..# ....
....#### .#
.......... ..
...#..#


You could see 10 starcursed masses.

Vanquished Creatures
  Erica (D:9)
  5 death yaks (D:9)
  A deep elf pyromancer (D:8)
  An orange demon (Abyss:1)
  2 gargoyles
  An efreet (D:10)
  A starcursed mass (Abyss:1)
  A hornet (D:10)
  A troll (D:9)
  A shadow (D:10)
  4 yaks (D:10)
  A vampire (D:11)
  A large abomination (Abyss:1)
  Eustachio (D:4)
  A wyvern (D:8)
  2 steam dragons
  2 water moccasins
  An acid dragon (D:9)
  5 orc warriors
  4 black bears
  3 ice beasts (D:6)
  A cane toad skeleton (Abyss:1)
  A necrophage (D:7)
  An ogre (D:5)
  6 centaurs
  4 bullfrogs
  2 scorpions
  2 wyvern skeletons (D:7)
  A small abomination (Abyss:1)
  8 wights
  4 howler monkeys
  7 centaur zombies
  2 hounds
  4 jellies
  2 bullfrog skeletons
  2 centaur skeletons
  7 orc priests
  3 gnoll shamans
  2 iguanas (D:6)
  10 orc wizards
  A scorpion zombie (D:5)
  A killer bee zombie (D:5)
  2 hound skeletons (D:4)
  2 howler monkey zombies
  9 gnolls
  8 adders
  A river rat (D:3)
  A white imp (Abyss:1)
  2 adder skeletons (D:4)
  A worm (D:2)
  3 dart slugs
  62 orcs
  3 endoplasms
  7 giant cockroaches
  5 hobgoblins
  A quokka (D:5)
  A ball python (D:2)
  10 bats
  A frilled lizard (D:3)
  4 goblins
  3 kobolds
  11 rats
248 creatures vanquished.

Vanquished Creatures (others)
  An orc wizard (D:10)
  A plant (D:1)
2 creatures vanquished.

Grand Total: 250 creatures vanquished

Notes
Turn   | Place    | Note
-------+----------+-------------------------------------------
     0 | D:1      | 27snakeeyes612 the Minotaur Fighter began the quest for the
                  | Orb.
     0 | D:1      | Reached XP level 1. HP: 19/19 MP: 0/0
    57 | D:1      | You fall into a shaft and drop 1 floor!
    64 | D:2      | Reached XP level 2. HP: 27/27 MP: 1/1
   109 | D:2      | Reached XP level 3. HP: 15/33 MP: 2/2
  1124 | D:2      | Found a runed translucent door.
  1125 | D:2      | Noticed Crazy Yiuf
  1416 | D:3      | Reached skill level 3 in Axes
  1418 | D:3      | Reached XP level 4. HP: 34/41 MP: 3/3
  1431 | D:3      | Found a glowing drain.
  1435 | Sewer    | Entered a sewer
  1495 | Sewer    | Noticed a water moccasin
  1502 | Sewer    | Killed a water moccasin
  1503 | Sewer    | Reached skill level 4 in Axes
  1503 | Sewer    | Reached XP level 5. HP: 30/47 MP: 4/4
  1933 | D:3      | Reached skill level 1 in Dodging
  2382 | D:4      | Reached skill level 5 in Armour
  2382 | D:4      | Reached XP level 6. HP: 39/55 MP: 5/5
  2710 | D:4      | Reached skill level 5 in Fighting
  2710 | D:4      | Reached skill level 5 in Axes
  2816 | D:4      | Noticed Eustachio
  3188 | D:4      | Killed Eustachio
  3189 | D:4      | Reached skill level 5 in Shields
  3189 | D:4      | Reached XP level 7. HP: 33/61 MP: 6/6
  3699 | D:4      | Found Minoener's Magic Scroll Shop.
  3828 | D:4      | Reached skill level 6 in Axes
  4015 | D:5      | Entered Level 5 of the Dungeon
  4611 | D:5      | Found an iron altar of Okawaru.
  4618 | D:5      | Became a worshipper of Warmaster Okawaru
  4656 | D:5      | Reached skill level 7 in Axes
  4712 | D:6      | Reached XP level 8. HP: 70/70 MP: 7/7
  4847 | D:6      | Reached * piety under Okawaru
  4899 | D:6      | Reached skill level 8 in Axes
  5122 | D:6      | Reached ** piety under Okawaru
  5127 | D:6      | Reached skill level 9 in Axes
  5395 | D:6      | Reached XP level 9. HP: 69/78 MP: 8/8
  5472 | D:6      | Noticed a gargoyle
  5605 | D:5      | Identified 2 scrolls of acquirement
  5605 | D:5      | Acquired a +2 hat of see invisible
  5606 | D:5      | Acquired the +3 broad axe of Glory {pain, rF- Str+4}
  5636 | D:5      | HP: 5/117 [gargoyle/+0 mace (14)]
  5637 | D:5      | Killed a gargoyle
  6121 | D:6      | Reached *** piety under Okawaru
  6448 | D:7      | Reached skill level 10 in Axes
  6469 | D:7      | Found Mulisi's Assorted Antiques.
  6529 | D:7      | Found a staircase to the Ecumenical Temple.
  7022 | D:7      | Reached **** piety under Okawaru
  7023 | D:7      | Reached skill level 11 in Axes
  7479 | D:8      | Reached XP level 10. HP: 83/86 MP: 9/9
  7848 | D:8      | Noticed a deep elf pyromancer
  7859 | D:8      | Killed a deep elf pyromancer
  7860 | D:8      | Reached skill level 12 in Axes
  8236 | D:9      | Noticed a death yak
  8238 | D:9      | Found a staircase to the Lair.
  8238 | D:9      | Noticed a death yak
  8239 | D:9      | Noticed a death yak
  8239 | D:9      | Noticed a death yak
  8241 | D:9      | Noticed a death yak
  8245 | D:9      | Killed a death yak
  8245 | D:9      | Reached ***** piety under Okawaru
  8255 | D:9      | Killed a death yak
  8261 | D:9      | Killed a death yak
  8262 | D:9      | Reached skill level 13 in Axes
  8266 | D:9      | Killed a death yak
  8267 | D:9      | Reached skill level 1 in Invocations
  8267 | D:9      | Killed a death yak
  8267 | D:9      | Received a gift from Okawaru
  8268 | D:9      | Reached XP level 11. HP: 32/95 MP: 2/10
  8575 | D:9      | Found a staircase to the Orcish Mines.
  9747 | D:9      | Noticed Erica
  9762 | D:9      | Killed Erica
 10000 | D:10     | Entered Level 10 of the Dungeon
 10909 | D:10     | Reached skill level 14 in Axes
 10910 | D:10     | Reached skill level 10 in Armour
 11204 | D:10     | Identified the +10 mace of Callousness {vamp, *Slow rCorr
                  | Str+3 Dex+3}
 11583 | D:11     | Found a portal to a secret trove of treasure.
 11686 | D:11     | Noticed Sonja
 11690 | D:11     | Cast into level 1 of the Abyss (Sonja)
 11788 | Abyss:1  | Reached ****** piety under Okawaru
 11808 | Abyss:1  | Noticed a starcursed mass
 11823 | Abyss:1  | Noticed a starcursed mass
 11826 | Abyss:1  | Killed a starcursed mass
 11833 | Abyss:1  | Slain by a starcursed mass

Illustrated notes

Levels and vault maps discovered:
D:1:      minmay_arrival_glassed_features, layout_basic,
          hellmonk_ecumenical_altar_run_dry, serial_bayou_lagoon_a
D:2:      layout_basic, uniq_crazy_yiuf_cottage
D:3:      layout_loops_ring, portal_sewer_entry_e
D:4:      layout_loops_ring, serial_shops, nicolae_shop_statue_plus,
          uniq_eustachio
D:5:      layout_rooms, overflow_temple_1_default, glass_columns_a,
          moated_statue, kennysheep_boxes
D:6:      minmay_spotlight, layout_rooms
D:7:      layout_loops_ring, temple_doors_e, serial_shops, shop
D:8:      layout_gridville, guppyfry_early_elven_hall
D:9:      wad_pebble_path, layout_irregular_city, dpeg_lair_monsters,
          hiddenorc2_lemuel, nicolae_two_hexagons, uniq_erica
D:10:     layout_basic, kennysheep_generic_room_5
D:11:     layout_roguey, nicolae_trove_entry_columns, uniq_sonja, uniq_snorg
Abyss:1:  base:
D:5

Skill      XL: |  1  2  3  4  5  6  7  8  9 10 11 |
---------------+----------------------------------+-----
Fighting       | 4 5 6 7 8 9 |  9.3
Armour         | 4 5 6 7 8 9 10 | 10.2
Shields        | 4 5 7 8 9 |  9.8
Axes           | 3 4 5 7 9 11 13 14 | 14.2
Dodging        | 1 2 3 |  3.2
Invocations    | 1 3 |  3.5
Stealth        | |  0.7
Evocations     | |  0.7

Action                   |  1- 3 |  4- 6 |  7- 9 | 10-12 || total
-------------------------+-------+-------+-------+-------++-------
Melee: War axe           |    53 |   108 |   157 |       ||   318
       Headbutt          |     7 |    12 |    56 |    57 ||   132
       Broad axe         |       |       |   109 |   252 ||   361
       Mace              |       |       |       |     5 ||     5
Invok: Heroism           |       |       |       |     1 ||     1
       Finesse           |       |       |       |     1 ||     1
Evoke: Wand              |       |       |     3 |     1 ||     4
  Use: Potion            |       |     1 |     1 |       ||     2
       Scroll            |       |       |    13 |       ||    13
Armor: Scale mail        |    22 |    20 |       |       ||    42
       Chain mail        |       |    58 |   112 |       ||   170
       Plate armour      |       |       |    20 |   113 ||   133
Dodge: Dodged            |    18 |    51 |    65 |    71 ||   205
Block: Kite shield       |    36 |    93 |   169 |   159 ||   457

Table legend: (Time is in decaauts)
 A = Elapsed time spent in this place.
 B = Non-inter-level travel time spent in this place.
 C = Inter-level travel time spent in this place.
 D = Time resting spent in this place.
 E = Time spent auto-exploring this place.
 F = Levels seen in this place.
 G = Mean time per level.
                   A        B        C        D        E       F      G
               +--------+--------+--------+--------+--------+-----+--------+
         Total |  12005 |  11744 |    261 |   1571 |   8532 |  13 |  923.5 |
       Dungeon |  11597 |  11336 |    261 |   1571 |   8211 |  11 | 1054.3 |
         Abyss |    142 |    142 |      0 |      0 |     86 |   1 |  142.0 |
         Sewer |    266 |    266 |      0 |      0 |    235 |   1 |  266.0 |
               +--------+--------+--------+--------+--------+-----+--------+

Top non-repeatable levels by time:
     D:9: 1947 daAuts
     D:4: 1470 daAuts
    D:10: 1337 daAuts
     D:6: 1251 daAuts
     D:5: 1182 daAuts
     D:3: 1165 daAuts
     D:2: 1163 daAuts
     D:8: 919 daAuts
     D:7: 742 daAuts
    D:11: 355 daAuts
   Sewer: 266 daAuts
 Abyss:1: 142 daAuts
     D:1: 61 daAuts
